 Dungeon Crawl Stone Soup version 0.22-a0-447-gee5f7238b3 (webtiles) character file.

77 Ordine the Magician (level 4, -7/24 HPs)
             Began as a Deep Elf Wizard on June 3, 2018.
             Was an Initiate of Vehumet.
             Killed by divine providence
             ... invoked by an orc priest
              (12 damage)
             ... on level 3 of the Dungeon.
             The game lasted 00:07:07 (2780 turns).

Ordine the Magician (Deep Elf Wizard)               Turns: 2780, Time: 00:07:07

Health: -7/24      AC:  6    Str:  4    XL:     4   Next: 13%
Magic:  13/13      EV: 13    Int: 24    God:    Vehumet [......]
Gold:   107        SH:  0    Dex: 13    Spells: 2/13 levels left

rFire    + . .     SeeInvis .   (no weapon)
rCold    . . .     Gourm    .   (no shield)
rNeg     . . .     Faith    .   a - +0 robe
rPois    .         Spirit   .   b - +1 hat
rElec    .         Reflect  .   (no cloak)
rCorr    .         Harm     .   j - +2 pair of gloves
MR       .....                  (no boots)
Stlth    ++........             m - amulet of the acrobat
HPRegen  0.08/turn              l - ring of protection from fire
MPRegen  0.13/turn              (no ring)

@: no status effects
A: no striking features
a: Renounce Religion


You were on level 3 of the Dungeon.
You worshipped Vehumet.
Vehumet was noncommittal.
You were hungry.

You visited 1 branch of the dungeon, and saw 3 of its levels.

You collected 107 gold pieces.

Inventory:

Armour
 a - a +0 robe (worn)
 b - a +1 hat (worn)
 j - a +2 pair of gloves (worn)
Jewellery
 i - an uncursed ring of fire
 l - a ring of protection from fire (left hand)
 m - an amulet of the acrobat (around neck)
 o - an uncursed ring of ice
Scrolls
 e - 2 scrolls of remove curse
 k - a scroll of enchant armour
Potions
 c - a potion of lignification
 f - a potion of flight {unknown}
 h - a potion of heal wounds {unknown}
 n - a potion of haste {unknown}
Comestibles
 d - 5 rations


   Skills:
 - Level 3.0 Dodging
 - Level 3.0 Stealth
 + Level 5.0 Spellcasting
 * Level 2.0 Conjurations
 + Level 1.7 Summonings
 + Level 1.7 Translocations
 + Level 0.3 Fire Magic
 + Level 0.3 Air Magic
 + Level 0.9 Poison Magic


You had 2 spell levels left.
You knew the following spells:

 Your Spells              Type           Power        Failure   Level  Hunger
a - Magic Dart            Conj           ###.         3%          1    None
b - Blink                 Tloc           N/A          6%          2    None
c - Call Imp              Summ           ##......     6%          2    None
d - Conjure Flame         Conj/Fire      ##......     16%         3    ##.....
e - Mephitic Cloud        Conj/Pois/Air  ##......     17%         3    ##.....

Your spell library contained the following spells:

 Spells                   Type           Power        Failure   Level  Hunger
 Slow                     Hex            #.......     13%         2    None


Dungeon Overview and Level Annotations

Branches:
Dungeon (3/15)

Altars:
Vehumet


Message History

There is a stone staircase leading down here.
You start waiting.
Some of the chunks of flesh in your inventory have rotted away.
All of the chunks of flesh in your inventory have rotted away.
Done waiting.
You start waiting.
You are feeling hungry.
Partly explored, can't reach some places.
Partly explored, can't reach some places.
Partly explored, can't reach some places.
You climb downwards.
The orc hits you with a falchion.
The orc priest calls down the wrath of Beogh upon you.
Beogh smites you!
Ouch! That really hurt!
* * * LOW HITPOINT WARNING * * *
The orc closely misses you.
The orc priest calls down the wrath of Beogh upon you.
Beogh smites you!
Ouch! That really hurt!
You die...

#.###### ....... #####
#.... ..... #...#
##....#
#...########..#..#
#..[.........###.####...
#...###.................
#...# #......[...###...
#.#####..o@......#
#.....#.......o..#
#.....#..........#
#...................
#.........###.#####..
#.....#######.## .#
#............... .
##.....####..#.#
#...>......##.##


You could see an orc priest and an orc.

Vanquished Creatures
  2 adders (D:2)
  An ooze (D:1)
  A worm (D:2)
  2 dart slugs (D:2)
  An orc (D:2)
  4 giant cockroaches
  3 hobgoblins
  8 jackals
  A quokka (D:2)
  A ball python (D:2)
  7 bats
  2 frilled lizards
  2 goblins (D:1)
  3 kobolds
  5 rats
43 creatures vanquished.

Vanquished Creatures (collateral kills)
  A worm (D:3)
  2 orcs
3 creatures vanquished.

Grand Total: 46 creatures vanquished

Notes
Turn   | Place    | Note
-------+----------+-------------------------------------------
     0 | D:1      | Ordine the Deep Elf Wizard began the quest for the Orb.
     0 | D:1      | Reached XP level 1. HP: 10/10 MP: 7/7
   371 | D:1      | Reached XP level 2. HP: 15/15 MP: 7/9
   375 | D:1      | Learned a level 2 spell: Blink
   378 | D:1      | Learned a level 2 spell: Call Imp
   896 | D:2      | Reached XP level 3. HP: 19/19 MP: 1/11
   981 | D:2      | Learned a level 3 spell: Conjure Flame
   985 | D:2      | Learned a level 3 spell: Mephitic Cloud
  1354 | D:2      | Found a radiant altar of Vehumet.
  1366 | D:2      | Became a worshipper of Vehumet
  2323 | D:3      | Reached skill level 5 in Spellcasting
  2415 | D:2      | HP: 1/28 [adder (3)]
  2418 | D:2      | Reached XP level 4. HP: 12/24 MP: 0/13
  2780 | D:3      | Killed from afar by an orc priest

Vault maps used:
D:1:      roderic_chinese_lattice_arrival
D:2:      fiery_altar_vehumet

Skill      XL: |  1  2  3 |
---------------+----------+-----
Stealth        | 3 |  3.0
Dodging        | 3 |  3.0
Spellcasting   | 5 |  5.0
Conjurations   | 2 |  2.0
Summonings     | |  1.7
Translocations | |  1.7
Fire Magic     | |  0.3
Air Magic      | |  0.3
Poison Magic   | |  0.9

Action                   |  1- 3 |  4- 6 || total
-------------------------+-------+-------++-------
Melee: Unarmed           |    18 |     4 ||    22
 Cast: Magic Dart        |   124 |       ||   124
       Blink             |     2 |       ||     2
       Call Imp          |     8 |       ||     8
  Use: Scroll            |     7 |     1 ||     8
       Potion            |     2 |       ||     2
  Eat: Chunk             |     4 |     1 ||     5
Armor: Robe              |     9 |       ||     9
       Skin              |     2 |     2 ||     4
Dodge: Dodged            |    31 |     1 ||    32

Table legend:
 A = Spawn XP
 B = Non-spawn XP
 C = Spawn XP percentage of total XP
 D = Spawn monster count
 E = Non-spawn monster count
 F = Spawn count percentage of total count
 G = Total turns spent on level
                    A         B        C        D         E        F      G
               +---------+---------+-------+---------+---------+-------+---------
         Total |       0 |     110 |   0.0 |       0 |      46 |   0.0 |  2780
               +---------+---------+-------+---------+---------+-------+---------
           D:1 |       0 |      34 |   0.0 |       0 |      19 |   0.0 |   811
           D:2 |       0 |      68 |   0.0 |       0 |      22 |   0.0 |  1787
           D:3 |       0 |       8 |   0.0 |       0 |       5 |   0.0 |   182
               +---------+---------+-------+---------+---------+-------+---------
